[Event "*** Titled Tuesday Blitz"]
[Site "Chess.com"]
[Date "2020.12.01"]
[Round "4"]
[White "BAS8892"]
[Black "szachuspl"]
[Result "1-0"]
[WhiteElo "2717"]
[BlackElo "2493"]
[TimeControl "180+1"]
[EndTime "10:37:22 PST"]
[Termination "BAS8892 won by resignation"]

1. d4 Nf6 2. c4 g6 3. Nc3 Bg7 4.
e4 d6 5. f4 O-O 6. Nf3 c5 7.
d5 b5 8. cxb5 a6 9. a4 axb5 10.
Bxb5 Ba6 11. Qe2 Qa5 12. O-O Bxb5 13. Nxb5 Na6 14. Bd2 Nb4 15. Bc3 Nd7 16. Bxg7 Kxg7 17. b3 Rfc8 18. Rac1 Rab8 19. Nd2 Nb6 20. Nc4 Nxc4 21.
Qxc4 Qd8 22. Rcd1 Kg8 23. e5 Qd7 24. exd6 exd6 25. f5 Re8 26. Qf4 Re5 27. f6 Kh8 28.
Rf3 g5 29. Qc4 Rbe8 30. Rff1 Re4 31. Qc3 R8e5 32. h3 h6 33. Qf3 Re3 34. Qh5 Kh7 35. Nxd6 g4 36. Qxf7+ Qxf7 37. Nxf7 Rxd5 38. Rxd5 Nxd5 39.
hxg4 Kg6 40. Nh8+ 1-0

[Event "*** Titled Tuesday Blitz"]
[Site "Chess.com"]
[Date "2020.12.01"]
[Round "4"]
[White "csati17"]
[Black "lucachess49"]
[Result "1-0"]
[WhiteElo "2597"]
[BlackElo "2352"]
[TimeControl "180+1"]
[EndTime "10:37:24 PST"]
[Termination "csati17 won by checkmate"]

1. c4 Nf6 2. Nc3 e6 3. e4 d5 4.
cxd5 exd5 5. e5 Ne4 6. Nf3 Nxc3 7. dxc3 Be7 8. Bd3 O-O 9. O-O Bg4 10. Bc2 Bh5 11. Bf4 Bg6 12. Nd4 Nc6 13. Nf5 Bg5 14. Bg3 Qd7 15. Qg4 Qd8 16. Rad1 h5 17. Qf3 h4 18.
Rxd5 Qe8 19. Bf4 Bxf4 20. Qxf4 h3 21. Re1 Rd8 22. Rxd8 Qxd8 23. Bb3 Qd3 24. Ng3 hxg2 25. e6 fxe6 26. Bxe6+ Bf7 27. Bxf7+ Rxf7 28. Re8+ Kh7 29.
Qh4+ Kg6 30. Re6+ Rf6 31. Qh5# 1-0

[Event "*** Titled Tuesday Blitz"]
[Site "Chess.com"]
[Date "2020.12.01"]
[Round "4"]
[White "BlixLT"]
[Black "Kildepiotr"]
[Result "0-1"]
[WhiteElo "2335"]
[BlackElo "2624"]
[TimeControl "180+1"]
[EndTime "10:37:25 PST"]
[Termination "Kildepiotr won by resignation"]

1. d4 c5 2. dxc5 e6 3. Nc3 Nf6 4. e4 Nc6 5. Bg5 Bxc5 6. Qd2 h6 7. Bh4 a6 8. O-O-O b5 9. Bd3 Qa5 10. Bxf6 gxf6 11. Kb1 Ne5 12. Nge2 b4 13. Nd5 exd5 14. exd5 Bb7 15. Be4 d6 16. Qf4 O-O-O 17. Qxf6 Qc7 18. h3 Rde8 19. Ng3 Nd7 20. Qf3 Kb8 21. c3 bxc3 22.
Qxc3 Bxf2 23. Bf5 Qxc3 24. bxc3 Bxg3 25. Bxd7 Re2 26. Rhf1 Rf8 27. Rf3 Be5 28. g4 f6 29.
h4 Rf7 30. Ba4 Rc7 31. g5 hxg5 32. hxg5 fxg5 33. Rc1 Bxd5 34. Rf8+ Ka7 0-1

[Event "*** Titled Tuesday Blitz"]
[Site "Chess.com"]
[Date "2020.12.01"]
[Round "4"]
[White "arminmusovic"]
[Black "Msb2"]
[Result "0-1"]
[WhiteElo "2533"]
[BlackElo "2840"]
[TimeControl "180+1"]
[EndTime "10:37:27 PST"]
[Termination "Msb2 won by resignation"]

1. a3 d5 2. Nc3 d4 3. Ne4 e5 4.
Ng3 Nc6 5. e4 dxe3 6. f3 exd2+ 7. Bxd2 Nf6 8. Be3 Nd5 9. Bf2 Be7 10. Bc4 Nf4 11. Qxd8+ Nxd8 12. Bb5+ c6 13. Bf1 O-O 14. O-O-O Nde6 15. N1e2 Nxe2+ 16. Bxe2 Nf4 17. Bf1 Be6 18.
Ne2 Bg5 19. Nxf4 Bxf4+ 20. Kb1 Rfd8 21. Bd3 Bg5 22. Rhe1 f6 23. a4 g6 24. Bf1 Kf7 25. a5 Bd2 26. Rxd2 Rxd2 27. Be3 Rd7 28. b4 a6 29. Kc1 g5 30. Bb6 h5 31. Bd3 g4 32.
Be2 Rg8 33. fxg4 Bxg4 34. Bf1 Bf5 35. Bc4+ Be6 36. Bf1 Rg4 37. c3 h4 38. h3 Rg3 39.
Be3 Bf5 40. Kb2 Bd3 41. Bf2 Bxf1 42. Bxg3 hxg3 43. Rxf1 Rd2+ 44. Kb3 Rxg2 45. c4 Rf2 46.
Rg1 g2 47. h4 f5 48. Kc3 f4 49. Kd3 f3 0-1

[Event "*** Titled Tuesday Blitz"]
[Site "Chess.com"]
[Date "2020.12.01"]
[Round "4"]
[White "Orest_Vovk"]
[Black "Sviridov_Valery"]
[Result "0-1"]
[WhiteElo "2550"]
[BlackElo "2912"]
[TimeControl "180+1"]
[EndTime "10:37:29 PST"]
[Termination "Sviridov_Valery won on time"]

1. h3 d5 2. e4 dxe4 3. Nc3 Nf6 4.
Qe2 Nc6 5. Nxe4 Nd4 6. Nxf6+ gxf6 7. Qd1 Bf5 8. d3 Qd5 9. Be3 e5 10. c3 Nc6 11. Qb3 O-O-O 12. O-O-O Qd7 13. Nf3 Rg8 14. Nh4 Be6 15. Qa4 f5 16. Bxa7 Qd5 17. c4 Qa5 18.
Qxa5 Nxa5 19. Be3 f4 20. Bd2 Nc6 21. Nf3 Bc5 22. Be1 f6 23. g3 Bxf2 24. gxf4 Be3+ 25. Bd2 Bxf4 26. Bxf4 exf4 27. d4 Rg3 28. d5 Rxf3 29.
dxe6 Rxd1+ 30. Kxd1 Rf2 31. Bd3 Kd8 32. Rg1 Rxb2 33.
Rg8+ Ke7 34. Bf5 f3 35. Rg7+ Kf8 36. Rf7+ Ke8 37. Ke1 Ne5 38. Rxf6 f2+ 39. Kf1 Nxc4 0-1

[Event "*** Titled Tuesday Blitz"]
[Site "Chess.com"]
[Date "2020.12.01"]
[Round "4"]
[White "GameOverBro"]
[Black "WeAintSurePal"]
[Result "0-1"]
[WhiteElo "2521"]
[BlackElo "2367"]
[TimeControl "180+1"]
[EndTime "10:37:29 PST"]
[Termination "WeAintSurePal won by resignation"]

1. e4 e6 2. d4 d5 3. Nd2 dxe4 4. Nxe4 Nf6 5. Bg5 Nbd7 6. Nf3 Be7 7. Bxf6 Nxf6 8.
Bd3 Nxe4 9. Bxe4 Bd7 10. O-O O-O 11. Ne5 Bf6 12. Qh5 g6 13. Qf3 Bb5 14. Rfd1 c6 15. c4 Ba6 16. b3 Bg7 17. g3 Qe7 18. h4 Rfd8 19. Qe3 c5 20. f4 cxd4 21. Rxd4 Rxd4 22. Qxd4 Rd8 23. Qxa7 Qc7 24. Qf2 Bxe5 25. fxe5 Qxe5 26. Re1 Qc3 27. Re3 Qc1+ 28. Kh2 b5 29. Re1 Qc3 30. c5 Rd2 31. Re2 Rxe2 32. Qxe2 Qxc5 33.
a4 Qe5 34. Bd3 Qxe2+ 35. Bxe2 bxa4 36. Bxa6 a3 0-1

[Event "*** Titled Tuesday Blitz"]
[Site "Chess.com"]
[Date "2020.12.01"]
[Round "4"]
[White "Jospem"]
[Black "Blackmind96"]
[Result "1-0"]
[WhiteElo "2972"]
[BlackElo "2770"]
[TimeControl "180+1"]
[EndTime "10:37:33 PST"]
[Termination "Jospem won by resignation"]

1. e4 e6 2. d4 d5 3. Nc3 Nf6 4. exd5 exd5 5. Bd3 Bd6 6. Bg5 c6 7. Qd2 Bg4 8. f3 Bh5 9. O-O-O O-O 10. h4 Nbd7 11.
Bf5 Qc7 12. g4 Bg6 13. Bxd7 Nxd7 14. h5 f6 15. hxg6 fxg5 16. gxh7+ Kh8 17. Kb1 Bf4 18. Qd3 Rae8 19. Nce2 Re3 20. Qg6 Rf6 21. Qh5 Nf8 22. Nxf4 Qxf4 23. Nh3 Qxf3 24. Nxg5 Qg2 25. Nf7+ 1-0

[Event "*** Titled Tuesday Blitz"]
[Site "Chess.com"]
[Date "2020.12.01"]
[Round "4"]
[White "Kostya_Nikologorskiy"]
[Black "yourstrulyme"]
[Result "1-0"]
[WhiteElo "2706"]
[BlackElo "2485"]
[TimeControl "180+1"]
[EndTime "10:37:33 PST"]
[Termination "Kostya_Nikologorskiy won on time"]

1. d4 Nf6 2. c4 e6 3. Nf3 d5 4. Nc3 Be7 5. e3 O-O 6. Be2 dxc4 7. Bxc4 c5 8. O-O cxd4 9. Qxd4 a6 10. Rd1 Qc7 11. Qf4 Qxf4 12. exf4 b5 13. Be2 Bb7 14. Be3 Nc6 15. Bb6 Nb4 16. Ne5 Nfd5 17. Nxd5 Nxd5 18. Be3 Rfc8 19. Rac1 Bf6 20. Bf3 g5 21. g3 gxf4 22. Bxf4 Nxf4 23. Rxc8+ Rxc8 24. Bxb7 Rb8 25.
Nd7 Rxb7 26. Nxf6+ Kg7 27. Ne8+ Kf8 28. Nd6 Nh3+ 29.
Kg2 Rd7 30. Kxh3 1-0

[Event "*** Titled Tuesday Blitz"]
[Site "Chess.com"]
[Date "2020.12.01"]
[Round "4"]
[White "chessdjw"]
[Black "Sokoloco"]
[Result "1-0"]
[WhiteElo "2649"]
[BlackElo "2459"]
[TimeControl "180+1"]
[EndTime "10:37:33 PST"]
[Termination "chessdjw won by resignation"]

1. d4 d6 2. e4 g6 3. c4 Bg7 4. Nc3 Nf6 5. f3 O-O 6. Be3 c5 7. Nge2 Nc6 8. d5 Ne5 9. Ng3 e6 10. Be2 exd5 11. cxd5 a6 12. a4 h5 13. O-O Bd7 14. Qd2 Rb8 15. a5 b5 16. axb6 Qxb6 17. b4 h4 18. bxc5 dxc5 19. Nh1 Bb5 20. Rfb1 Ne8 21.
Nxb5 axb5 22. Rxb5 Qc7 23. Rxc5 Qd6 24. Rac1 Rb2 25.
R5c2 Rxc2 26. Rxc2 Nc7 27. Bc5 Qd7 28. Bxf8 Bxf8 29.
Nf2 Nb5 30. f4 1-0

[Event "*** Titled Tuesday Blitz"]
[Site "Chess.com"]
[Date "2020.12.01"]
[Round "4"]
[White "Nemsko"]
[Black "ChessWarrior3"]
[Result "1-0"]
[WhiteElo "2384"]
[BlackElo "2113"]
[TimeControl "180+1"]
[EndTime "10:37:33 PST"]
[Termination "Nemsko won by resignation"]

1. e4 c5 2. Nf3 d6 3. d4 cxd4 4. Nxd4 Nf6 5. Nc3 a6 6. Be3 e5 7. Nb3 Be6 8. h3 b5 9. Qf3 Nbd7 10. O-O-O Nb6 11. g4 Nc4 12. g5 Nd7 13. h4 b4 14. Nd5 Bxd5 15. exd5 Nxe3 16. fxe3 a5 17. Bb5 a4 18. Nd2 Qb6 19. Bxd7+ Kxd7 20. Qxf7+ Be7 21.
Qe6+ Ke8 22. Kb1 Qxe3 23. Nc4 Qc5 24. Nd2 Rf8 25. Rhf1 Rxf1 26. Rxf1 Rc8 27. Rc1 Qe3 28. Qxc8+ Kf7 29. Rf1+ Kg6 30. Qe6+ Kh5 31. Qf7+ Kxh4 32. Rh1+ Kxg5 33. Qxg7+ Kf5 34. Rf1+ Qf4 35. Rxf4+ exf4 36. Qxe7 f3 37. Qe4+ 1-0

[Event "*** Titled Tuesday Blitz"]
[Site "Chess.com"]
[Date "2020.12.01"]
[Round "4"]
[White "vladgoncharov"]
[Black "ObidObad"]
[Result "1-0"]
[WhiteElo "2463"]
[BlackElo "2300"]
[TimeControl "180+1"]
[EndTime "10:37:34 PST"]
[Termination "vladgoncharov won by resignation"]

1. d4 Nf6 2. c4 e6 3. Nc3 Bb4 4. Nf3 c5 5. e3 O-O 6. Bd3 Nc6 7. O-O d5 8. a3 Bxc3 9. bxc3 dxc4 10. Bxc4 b6 11.
Qe2 Bb7 12. e4 cxd4 13. Rd1 e5 14. Bb2 Qe7 15. cxd4 exd4 16. e5 Nd7 17. Bd5 Na5 18. Bxb7 Nxb7 19. Rxd4 Nbc5 20. Rad1 Rad8 21. a4 Ne6 22.
Rd6 Ndc5 23. Ba3 Rxd6 24. exd6 Qd7 25. a5 Re8 26. axb6 axb6 27. h3 Nf4 28. Qxe8+ Qxe8 29. Bxc5 bxc5 30. d7 Qd8 31. Ne5 Ne6 32. Nc6 Qc7 33.
d8=Q+ Nxd8 34. Rxd8+ Qxd8 35. Nxd8 Kf8 36. Kf1 Ke8 37.
Nb7 c4 38. Nd6+ Kd7 39. Nxc4 Kc6 40. Ke2 Kd5 41. Kd3 h6 42. f4 g5 43. Ne3+ Ke6 44.
Ke4 f5+ 45. Nxf5 gxf4 46. Nxh6 1-0

[Event "*** Titled Tuesday Blitz"]
[Site "Chess.com"]
[Date "2020.12.01"]
[Round "4"]
[White "midedu"]
[Black "NitaLucian"]
[Result "0-1"]
[WhiteElo "2085"]
[BlackElo "2303"]
[TimeControl "180+1"]
[EndTime "10:37:34 PST"]
[Termination "NitaLucian won on time"]

1. e4 d6 2. d4 Nf6 3. Nc3 e5 4. Nge2 Nbd7 5. g3 Be7 6. Bg2 O-O 7. O-O c6 8. a4 a5 9. h3 Qc7 10. Be3 Re8 11. f4 b6 12. Qd2 Ba6 13. Rae1 b5 14. fxe5 dxe5 15. axb5 cxb5 16. Nd5 Nxd5 17. exd5 Bd6 18.
g4 b4 19. Rf2 exd4 20. Bxd4 Bg3 21. Nxg3 Qxg3 22. Re3 Rxe3 23. Qxe3 Qxe3 24. Bxe3 Re8 25. Bd4 f6 26. c3 b3 27. d6 Re1+ 28. Kh2 Bc4 29.
Bc6 Be6 30. Ba4 Kf7 31. Rd2 Ra1 32. Bb5 a4 33. c4 a3 34. bxa3 Rxa3 35. c5 Ra5 36.
Bxd7 Bxd7 37. Kg3 Bc6 38. Kf2 Ra4 39. Ke3 Ke6 40. Kd3 Kd5 0-1

[Event "*** Titled Tuesday Blitz"]
[Site "Chess.com"]
[Date "2020.12.01"]
[Round "4"]
[White "exoticprincess"]
[Black "temus_galaktionov"]
[Result "1-0"]
[WhiteElo "2906"]
[BlackElo "2700"]
[TimeControl "180+1"]
[EndTime "10:37:35 PST"]
[Termination "exoticprincess won by checkmate"]

1. e4 c6 2. d4 g6 3. c4 Bg7 4. Nc3 d6 5. f4 Nd7 6. Nf3 e5 7. fxe5 dxe5 8. d5 Ngf6 9. Be2 O-O 10. O-O h6 11. Kh1 Qe7 12. Be3 a6 13. d6 Qe6 14. c5 a5 15. Nd2 b5 16. cxb6 Qxd6 17. Nc4 Qb8 18. Qc2 Ba6 19. Na4 Bb5 20. Rad1 Qb7 21.
Nd6 Qa6 22. Nxb5 cxb5 23. Nc3 Nxb6 24. Rd6 Rab8 25. Bxb5 Qa7 26. Rfxf6 Bxf6 27. Rxf6 Qc7 28. Rc6 Qd8 29. h3 Kh7 30. Qf2 Nc8 31. Bc5 Rg8 32.
Rf6 Rg7 33. Rxf7 Rb7 34. Rf8 Qc7 35. Nd5 Qb8 36. Nf6# 1-0

[Event "*** Titled Tuesday Blitz"]
[Site "Chess.com"]
[Date "2020.12.01"]
[Round "4"]
[White "Omk124"]
[Black "AlexSuv"]
[Result "0-1"]
[WhiteElo "2324"]
[BlackElo "2556"]
[TimeControl "180+1"]
[EndTime "10:37:36 PST"]
[Termination "AlexSuv won by resignation"]

1. e4 c5 2. Nf3 e6 3. d4 cxd4 4.
Nxd4 Nc6 5. h3 Nf6 6. Nc3 Bb4 7. Nxc6 bxc6 8. Bd3 d5 9. exd5 cxd5 10. O-O O-O 11. Bd2 e5 12. a3 Be7 13. Re1 e4 14. Bf1 h6 15. Be3 Be6 16. Bd4 Nd7 17. b4 Nb6 18.
Ne2 Bd6 19. Bxb6 axb6 20. Nd4 Qf6 21. Nxe6 fxe6 22. Qd2 Be5 23. Ra2 Bc3 24. Qe2 Bxe1 25. Qxe1 Qf4 26. c3 e5 27. Rd2 Rfd8 28. Qd1 e3 29.
fxe3 Qxe3+ 30. Kh1 Rxa3 31. Rxd5 Rf8 32. Bc4 Kh8 33. Rd8 Ra8 34. Rxa8 Rxa8 35. Bb3 Qxc3 36. Qd5 Rf8 37. Kh2 Qe3 38. b5 Qf4+ 39. Kg1 Rc8 0-1

[Event "*** Titled Tuesday Blitz"]
[Site "Chess.com"]
[Date "2020.12.01"]
[Round "4"]
[White "redbaron8888"]
[Black "wonderfultime"]
[Result "0-1"]
[WhiteElo "2552"]
[BlackElo "2937"]
[TimeControl "180+1"]
[EndTime "10:37:38 PST"]
[Termination "wonderfultime won by resignation"]

1. d4 d5 2. Nf3 Nf6 3. c4 c6 4.
Qc2 dxc4 5. Qxc4 Bg4 6. Ne5 Be6 7. Qd3 Nbd7 8. Nf3 Bg4 9. Nc3 e6 10. e4 Be7 11. Be2 O-O 12. O-O Rc8 13. h3 Bh5 14. Bf4 h6 15. Rad1 Bg6 16. Ne5 Nxe5 17. dxe5 Qxd3 18.
Bxd3 Nd7 19. Rfe1 Rfd8 20. Bc2 Bb4 21. Bg3 Nb6 22. Bb3 Rxd1 23. Rxd1 Bxc3 24. bxc3 Bxe4 25.
f3 Bd5 26. Bf2 c5 27. Bxd5 Nxd5 28. c4 Nb6 29. Rc1 Kf8 30. f4 Ke8 31. Be3 Kd7 32. Kf2 Kc6 33. g4 Rd8 34. Ke2 h5 35. gxh5 Rh8 36.
Rg1 Rh7 37. Kd3 Nc8 38. Rg5 Ne7 39. Bd2 Nf5 40. a4 b6 41. Bc3 a6 42. Kd2 Rh8 43. Kc2 b5 44. axb5+ axb5 45. cxb5+ Kxb5 46. h4 Kc4 47. Bb2 Rd8 48. h6 gxh6 49. Rg1 Rd3 50.
Rg8 Ne3+ 51. Kb1 Rd1+ 52. Ka2 Rd2 53. Rf8 Nd1 54. Rxf7 Rxb2+ 55. Ka1 Rb6 56. Rf6 Nc3 0-1

[Event "*** Titled Tuesday Blitz"]
[Site "Chess.com"]
[Date "2020.12.01"]
[Round "4"]
[White "Jabberwockiez"]
[Black "chidori_boruto"]
[Result "0-1"]
[WhiteElo "2225"]
[BlackElo "2643"]
[TimeControl "180+1"]
[EndTime "10:37:38 PST"]
[Termination "chidori_boruto won by resignation"]

1. e4 Nf6 2. e5 Nd5 3. d4 d6 4. c4 Nb6 5. exd6 cxd6 6. Nc3 g6 7.
Be3 Bg7 8. Rc1 O-O 9. b3 a5 10. Nf3 a4 11. Bd3 axb3 12. axb3 Nc6 13. O-O Bg4 14.
h3 Bxf3 15. Qxf3 Bxd4 16. Bxd4 Nxd4 17. Qxb7 Nxb3 18. Rb1 Rb8 19. Qc6 Nd2 20. Rb2 Nxf1 21. Bxf1 Nd7 22. Nb5 Ne5 23. Qd5 Qd7 24. Re2 Rfc8 25.
f4 Nxc4 26. Nd4 Rb1 27. f5 Rc5 28. Qa8+ Kg7 29. fxg6 hxg6 30. Qa2 Rd1 31. Nb3 Rf5 32. Rf2 Ne3 33. Qb2+ Kh7 34. Nd2 Rxf2 35. Kxf2 Rxf1+ 36. Nxf1 Nd1+ 37. Kg1 Nxb2 0-1

[Event "*** Titled Tuesday Blitz"]
[Site "Chess.com"]
[Date "2020.12.01"]
[Round "4"]
[White "Eliwood44"]
[Black "MomchilPetkov"]
[Result "1-0"]
[WhiteElo "2483"]
[BlackElo "2651"]
[TimeControl "180+1"]
[EndTime "10:37:41 PST"]
[Termination "Eliwood44 won by resignation"]

1. d4 g6 2. Nf3 Bg7 3. e4 c6 4. h3 d5 5. e5 b5 6. a4 b4 7. c4 bxc3 8. Nxc3 Ba6 9. Bxa6 Nxa6 10. O-O e6 11. b3 Rb8 12. Ba3 Bf8 13. Bxf8 Kxf8 14. Rc1 Ne7 15. Ne2 Nb4 16. Nf4 Nf5 17.
Nd3 Qc8 18. Nc5 Kg7 19. g4 Ne7 20. Qd2 Qd8 21. Qf4 Nc8 22. Ng5 Qe7 23. Qf6+ Qxf6 24. exf6+ Kg8 25. Nd7 Rb7 26. Ne5 Rc7 27. Rc3 h6 28. Ngf3 Nd6 29. Rfc1 Ne4 30. Rc5 Nxc5 31. Rxc5 Kh7 32. h4 Rb8 33. g5 h5 34. Nd2 Kg8 35. f4 Na6 36. Rxc6 Rxc6 37. Nxc6 Rxb3 38. Nxb3 Nb4 39. Nxb4 Kf8 1-0

[Event "*** Titled Tuesday Blitz"]
[Site "Chess.com"]
[Date "2020.12.01"]
[Round "4"]
[White "GMJustin"]
[Black "pastouche06"]
[Result "0-1"]
[WhiteElo "2305"]
[BlackElo "2506"]
[TimeControl "180+1"]
[EndTime "10:37:41 PST"]
[Termination "pastouche06 won on time"]

1. e4 c6 2. d4 d5 3. e5 c5 4.
dxc5 e6 5. a3 Nc6 6. b4 a5 7. c3 axb4 8. cxb4 Nxb4 9. axb4 Rxa1 10. Bb2 Ra8 11. Nc3 Bd7 12. Nb5 Nh6 13. Nf3 f6 14. exf6 gxf6 15. Ng5 Bxb5 16. Bxb5+ Ke7 17.
Qh5 Bg7 18. O-O e5 19. Nf3 Ra2 20. Nxe5 Rxb2 21. Nd3 Re2 0-1

[Event "*** Titled Tuesday Blitz"]
[Site "Chess.com"]
[Date "2020.12.01"]
[Round "4"]
[White "Teidi96"]
[Black "scoopbh"]
[Result "1/2-1/2"]
[WhiteElo "2267"]
[BlackElo "2070"]
[TimeControl "180+1"]
[EndTime "10:37:42 PST"]
[Termination "Game drawn by repetition"]

1. e4 c5 2. Nf3 Nc6 3. d4 cxd4 4. Nxd4 Nf6 5. Nc3 e5 6. Ndb5 d6 7. Bg5 a6 8. Na3 b5 9. Nd5 Be7 10. Bxf6 Bxf6 11. c4 b4 12. Nc2 a5 13. g3 g6 14.
Bg2 Bg7 15. O-O O-O 16. Qd3 Be6 17. h4 h5 18. Kh2 Ne7 19. Nce3 Nc6 20. Nc2 Ne7 21.
Nxe7+ Qxe7 22. Bh3 Rac8 23. b3 f5 24. Ne3 Rc5 25.
Rad1 f4 26. Bxe6+ Qxe6 27. Nd5 Qg4 28. Ne7+ Kh7 29. Qxd6 fxg3+ 30. fxg3 Qe2+ 31. Kg1 Qe3+ 32. Kg2 Qe2+ 33. Kg1 Qe3+ 34. Kh1 Qxe4+ 35. Kh2 Qe2+ 36. Kh3 Qg4+ 37. Kg2 Qe2+ 38. Kg1 Qe3+ 39. Kh1 Qe4+ 40.
Kh2 Qe2+ 41. Kg1 Qe3+ 42. Kh1 Qe4+ 1/2-1/2

[Event "*** Titled Tuesday Blitz"]
[Site "Chess.com"]
[Date "2020.12.01"]
[Round "4"]
[White "BillieKimbah"]
[Black "NeverW84M8"]
[Result "1-0"]
[WhiteElo "2845"]
[BlackElo "2533"]
[TimeControl "180+1"]
[EndTime "10:37:43 PST"]
[Termination "BillieKimbah won by resignation"]

1. Nf3 f5 2. d3 Nf6 3. e4 d6 4.
Nc3 e5 5. exf5 Bxf5 6. d4 e4 7. Nh4 Bd7 8. Bg5 Be7 9. Bc4 c6 10. d5 cxd5 11. Nxd5 Qa5+ 12. Bd2 Qc5 13. Nxe7 Qxc4 14.
Nhf5 Qc5 15. Be3 Qa5+ 16. Bd2 Qc5 17. g4 Bxf5 18. Nxf5 O-O 19. Be3 Qa5+ 20. c3 Nxg4 21. Ne7+ Kf7 22. Qxg4 Kxe7 23. Qxg7+ Rf7 24. Qg8 Qd5 25.
Rd1 Qe6 26. Rg1 Kd7 27. Bf4 d5 28. Rg7 Rxg7 29. Qxg7+ Kc6 30. Qc7+ 1-0

[Event "*** Titled Tuesday Blitz"]
[Site "Chess.com"]
[Date "2020.12.01"]
[Round "4"]
[White "picturesquecheck"]
[Black "tteshan"]
[Result "1-0"]
[WhiteElo "2157"]
[BlackElo "2370"]
[TimeControl "180+1"]
[EndTime "10:37:43 PST"]
[Termination "picturesquecheck won by resignation"]

1. e4 c5 2. Nf3 Nc6 3. d4 cxd4 4. Nxd4 g6 5. Nc3 Bg7 6. Be3 Nf6 7. Bc4 O-O 8. Bb3 d6 9. f3 Bd7 10. Qd2 Rc8 11. O-O-O Na5 12. h4 h5 13. Kb1 Nc4 14.
Bxc4 Rxc4 15. Nd5 Nxd5 16. exd5 b5 17. g4 hxg4 18. h5 Bf5 19. fxg4 Bxg4 20. Rdg1 f5 21. Ne6 Qd7 22. hxg6 Rf6 23. Bh6 Rxg6 24. Bxg7 Rc8 25. Bd4 Qb7 26. Rh8+ Kf7 27. Ng5+ Rxg5 28. Qxg5 Rxh8 29.
Qg7+ Ke8 30. Qxh8+ Kd7 31. Qg8 b4 32. Qe6+ Kd8 33.
Rh1 Qb5 34. Rh8+ 1-0

[Event "*** Titled Tuesday Blitz"]
[Site "Chess.com"]
[Date "2020.12.01"]
[Round "4"]
[White "MPGM"]
[Black "Qvalda"]
[Result "1-0"]
[WhiteElo "2639"]
[BlackElo "2452"]
[TimeControl "180+1"]
[EndTime "10:37:44 PST"]
[Termination "MPGM won on time"]

1. d4 d5 2. c4 dxc4 3. e3 Nf6 4. Nf3 e6 5. Bxc4 c5 6. O-O cxd4 7. exd4 Be7 8. Qe2 O-O 9. Rd1 Nc6 10. Nc3 Na5 11.
Bd3 b6 12. Ne5 Bb7 13. Bc2 Rc8 14. Rd3 Ba6 15. Bg5 Bxd3 16. Qxd3 g6 17. Rd1 Nd5 18. Bh6 Re8 19. Qf3 Bf6 20. Ba4 Nxc3 21. bxc3 Bxe5 22.
dxe5 Qh4 23. Bxe8 Rxe8 24. Rd7 f5 25. exf6 Rf8 26. f7+ 1-0

[Event "*** Titled Tuesday Blitz"]
[Site "Chess.com"]
[Date "2020.12.01"]
[Round "4"]
[White "VladimirBugayev"]
[Black "Sergey85Rodchenkov"]
[Result "0-1"]
[WhiteElo "2287"]
[BlackElo "2451"]
[TimeControl "180+1"]
[EndTime "10:37:44 PST"]
[Termination "Sergey85Rodchenkov won by resignation"]

1. e4 c5 2. Nc3 e6 3. f4 d5 4. Nf3 Nc6 5. Bb5 Ne7 6. O-O d4 7. Nb1 a6 8. Be2 g6 9. d3 Bg7 10. a4 O-O 11. Na3 b6 12. Nc4 Bb7 13. g4 b5 14.
axb5 axb5 15. Rxa8 Bxa8 16. Na3 Qb6 17. Qe1 f5 18.
Ng5 Nb4 19. Bd1 h6 20. gxf5 hxg5 21. fxg6 Nxg6 22. f5 exf5 23. Bxg5 fxe4 24. Rxf8+ Bxf8 25. Qg3 e3 26. Bf4 Bg7 27. Bf3 Nxf4 28. Qxf4 Bxf3 29. Qxf3 Qc6 30. Qf4 Nd5 31. Qb8+ Kh7 32. Qd8 Qg6+ 33.
Kf1 Qf5+ 34. Kg2 Nf4+ 35. Kg3 Ne2+ 36. Kg2 Qg4+ 0-1

[Event "*** Titled Tuesday Blitz"]
[Site "Chess.com"]
[Date "2020.12.01"]
[Round "4"]
[White "Everyfishknows"]
[Black "Mambastik-Fantastic"]
[Result "0-1"]
[WhiteElo "2463"]
[BlackElo "2320"]
[TimeControl "180+1"]
[EndTime "10:37:45 PST"]
[Termination "Mambastik-Fantastic won on time"]

1. d4 Nf6 2. c4 g6 3. Nc3 Bg7 4. e4 d6 5. Nf3 O-O 6. Be2 Nbd7 7. O-O e5 8. Be3 c6 9. d5 c5 10. Ne1 Ne8 11. Nd3 a6 12. a3 f5 13. f3 f4 14. Bf2 g5 15. b4 b6 16. Qa4 Rf7 17. Rab1 h5 18. Qc6 Ra7 19. bxc5 bxc5 20. Na4 Bf8 21.
Nb6 Nxb6 22. Qxb6 Rac7 23. Qb2 Rg7 24. Rbd1 Qf6 25. Kh1 Rb7 26. Qc3 g4 27. g3 fxg3 28. Bxg3 h4 29. fxg4 Qg5 30. Be1 Nf6 31. Bd2 Nxe4 32.
Qc2 Qg6 33. Bf3 Bxg4 34. Bg2 h3 0-1

[Event "*** Titled Tuesday Blitz"]
[Site "Chess.com"]
[Date "2020.12.01"]
[Round "4"]
[White "Chernobay_Artem"]
[Black "Brave_spirit12"]
[Result "0-1"]
[WhiteElo "2671"]
[BlackElo "2493"]
[TimeControl "180+1"]
[EndTime "10:37:46 PST"]
[Termination "Brave_spirit12 won by resignation"]

1. d4 Nf6 2. c4 e6 3. Nf3 d5 4. g3 Be7 5. Bg2 O-O 6. O-O c6 7. Qc2 Ne4 8. Bf4 Na6 9. Nbd2 f5 10. a3 Bf6 11. Be5 Bd7 12. b4 b5 13. cxb5 cxb5 14. Nb3 Rc8 15. Nc5 Naxc5 16. bxc5 Be8 17. Qb2 a6 18. Rfc1 Bh5 19. Bxf6 Qxf6 20. Ne5 Rc7 21. a4 f4 22. g4 Be8 23. c6 Qh4 24. Bxe4 dxe4 25.
Qb3 Rf6 26. Rc3 e3 27. Rf1 Rh6 28. Nf3 Qxg4+ 29. Kh1 Rg6 30. Rg1 exf2 31. Rxg4 f1=Q+ 32. Rg1 Rxg1+ 33. Nxg1 Bxc6+ 34. Rxc6 Rxc6 35. d5 Rc1 0-1

[Event "*** Titled Tuesday Blitz"]
[Site "Chess.com"]
[Date "2020.12.01"]
[Round "4"]
[White "Ariadna_Atreides"]
[Black "Colombiano07"]
[Result "0-1"]
[WhiteElo "2068"]
[BlackElo "2290"]
[TimeControl "180+1"]
[EndTime "10:37:48 PST"]
[Termination "Colombiano07 won by resignation"]

1. Nf3 d5 2. d4 Bf5 3. Bf4 e6 4. Nbd2 Bd6 5. e3 Nf6 6. Bd3 Bg4 7. h3 Bh5 8. g4 Bg6 9. Ne5 Nbd7 10. h4 Bxd3 11. cxd3 Qe7 12. Qc2 c5 13. Nxd7 Nxd7 14. Bxd6 Qxd6 15. Nf3 O-O 16. h5 Rac8 17. Qd2 e5 18. dxe5 Nxe5 19. Nxe5 Qxe5 20. f4 Qe6 21.
Kf2 Qxg4 22. Rag1 Qe6 23. Rg3 f5 24. Qa5 Qb6 25. Qc3 d4 26. Qc4+ Kh8 27. b3 dxe3+ 28. Kxe3 Qc6 29. Rhg1 Rc7 30. Qc3 Qf6 31. Qc4 Rd8 32.
Rg5 Re7+ 33. Kf3 Rd4 34. Qc2 Qd6 35. Qd2 Rxd3+ 0-1

[Event "*** Titled Tuesday Blitz"]
[Site "Chess.com"]
[Date "2020.12.01"]
[Round "4"]
[White "PawnEatingZombie"]
[Black "CalinGheorghiu"]
[Result "1-0"]
[WhiteElo "2180"]
[BlackElo "2380"]
[TimeControl "180+1"]
[EndTime "10:37:49 PST"]
[Termination "PawnEatingZombie won by resignation"]

1. d4 Nf6 2. c4 g6 3. Nc3 Bg7 4. e4 d6 5. Be2 O-O 6. Be3 Nbd7 7. Nf3 e5 8. O-O a5 9. Qc2 Re8 10. d5 Nc5 11. Nd2 Ng4 12. Bxg4 Bxg4 13. a3 Bd7 14. b4 axb4 15. axb4 Rxa1 16. Rxa1 Na6 17. Qb3 f5 18. f3 g5 19. c5 g4 20. c6 Bc8 21. b5 Nc5 22.
Bxc5 dxc5 23. d6+ Be6 24. Nd5 bxc6 25. bxc6 Qxd6 26. Ra6 gxf3 27. Nc4 Bxd5 28. Nxd6 Bxb3 29. Nxe8 Bh6 30. gxf3 Be3+ 31. Kg2 c4 32. Nxc7 c3 33. Ra1 c2 34. Nd5 fxe4 35. fxe4 1-0

[Event "*** Titled Tuesday Blitz"]
[Site "Chess.com"]
[Date "2020.12.01"]
[Round "4"]
[White "Blitzking642"]
[Black "onetowin"]
[Result "1-0"]
[WhiteElo "2257"]
[BlackElo "2002"]
[TimeControl "180+1"]
[EndTime "10:37:49 PST"]
[Termination "Blitzking642 won by resignation"]

1. e4 c5 2. Nc3 e6 3. g3 Nc6 4.
Bg2 Nf6 5. d3 d5 6. exd5 exd5 7. Nge2 Be7 8. O-O d4 9. Ne4 O-O 10. a3 Nd5 11. c4 dxc3 12. N4xc3 Nxc3 13. bxc3 Qc7 14. Bf4 Bd6 15. d4 Bg4 16. f3 Bf5 17. dxc5 Bxc5+ 18. Kh1 Qa5 19. Nd4 Nxd4 20. cxd4 Rfd8 21.
Bd2 Qb5 22. dxc5 Qxc5 23. Qc1 Qd5 24. Bc3 Rac8 25. Qb2 f6 26. Rac1 Bd3 27. Rfd1 Qf5 28.
f4 Be4 29. Bb4 h6 30. Bxe4 Qxe4+ 31. Qg2 Qf5 32. Rxc8 Rxc8 33. Qxb7 Qg4 34. Re1 Rc2 35. Re8+ Kh7 36. Qe4+ f5 37. Qxc2 Qf3+ 38. Kg1 Qh5 39. Re5 1-0